 Dungeon Crawl Stone Soup version 0.28-a0-730-g892d06dc2c (webtiles) character file.

Game seed: 15828964544255198565

18400 frimble the Grappler (level 12, -16/118 HPs)
             Began as a Troll Warper on Oct 28, 2021.
             Killed from afar by a white draconian stormcaller (27 damage)
             ... with a blast of cold
             ... on level 2 of the Abyss.
             The game lasted 00:25:10 (9702 turns).

frimble the Grappler (Troll Warper)                 Turns: 9702, Time: 00:25:11

Health: -16/118    AC:  9    Str: 22    XL:     12   Next: 27%
Magic:  9/12       EV:  9    Int: 13    God:
Gold:   1395       SH:  9    Dex:  9    Spells: 11/13 levels left

rFire   . . .      SeeInvis +     - Unarmed
rCold   . . .      Faith    .   y - +0 kite shield
rNeg    . . .      Spirit   .   a - +0 robe
rPois   .          Reflect  .   (helmet restricted)
rElec   .          Harm     .   v - +0 cloak
rCorr   .          Rampage  .   (gloves unavailable)
Will    .....                   (boots unavailable)
Stlth   +.........              z - amulet of regeneration
HPRegen 1.29/turn               o - ring of see invisible
MPRegen 0.13/turn               s - +4 ring of protection

@: about to teleport, on blink cooldown
A: large, unfitting armour, claws 3, regeneration 1, shaggy fur 1, tough skin 1
a: no special abilities


You were on level 2 of the Abyss.
You visited 1 branch of the dungeon, and saw 11 of its levels.
You visited the Abyss 2 times.
You also visited: Bailey and Gauntlet.

You collected 1395 gold pieces.

Inventory:

Missiles
 c - 3 boomerangs of dispersal
 j - 7 boomerangs (quivered)
 l - 10 large rocks
 r - 4 javelins
Armour
 a - a +0 robe (worn)
 v - a +0 cloak (worn)
 y - a +0 kite shield (worn)
Jewellery
 b - a ring of willpower
 f - the ring "Kudeg" {rF+ rC+ rN+ Slay-5}
   (You found it in a Gauntlet)

   [ring of protection from fire]

   Slay:      It affects your accuracy & damage with ranged weapons and melee
   (-5).
   rF:        It protects you from fire.
   rC:        It protects you from cold.
   rN:        It protects you from negative energy.
 i - a ring of flight
 k - an amulet of faith
 o - a ring of see invisible (left claw)
 s - a +4 ring of protection (right claw)
 u - an amulet of reflection
 z - an amulet of regeneration (around neck)
 D - a +6 ring of intelligence
Wands
 h - a wand of paralysis (2)
 w - a wand of polymorph (7)
 A - a wand of acid (16)
Scrolls
 g - a scroll of fog
 m - 2 scrolls of enchant armour
 B - a scroll of blinking
 F - 4 scrolls of magic mapping
Potions
 n - a potion of cancellation
 q - 2 potions of heal wounds
 t - 4 potions of attraction
 x - a potion of might {unknown}
 G - 3 potions of mutation {unknown}
 J - a potion of resistance
Miscellaneous
 d - a phantom mirror (inert)
 H - a box of beasts
 I - a lightning rod (4/4)


   Skills:
 + Level 7.3 Fighting
 + Level 7.8 Throwing
 - Level 1.9 Dodging
 - Level 8.0 Shields
 + Level 8.8 Unarmed Combat
 - Level 1.2 Spellcasting
 + Level 6.9 Translocations
 + Level 4.8 Evocations


You had 11 spell levels left.
You knew the following spells:

 Your Spells              Type           Power      Damage    Failure   Level
a - Blink                 Tloc           36%        N/A       3%          2

Your spell library contained the following spells:

 Spells                   Type           Power      Damage    Failure   Level
 Gell's Gravitas          Tloc           9%         N/A       6%          3
 Lesser Beckoning         Tloc           18%        N/A       6%          3
 Teleport Other           Tloc           18%        N/A       6%          3
 Animate Skeleton         Necr           0%         N/A       34%         1
 Pain                     Necr           0%         1d4       34%         1
 Shock                    Conj/Air       0%         1d3       34%         1
 Corpse Rot               Necr/Air       0%         N/A       45%         2
 Ensorcelled Hibernation  Hex/Ice        0%         N/A       45%         2
 Passwall                 Tmut/Erth      0%         N/A       45%         2
 Poisonous Vapours        Pois/Air       0%         N/A       45%         2
 Manifold Assault         Tloc           18%        N/A       47%         5
 Frozen Ramparts          Ice            0%         1d2       71%         3
 Swiftness                Air            0%         N/A       71%         3
 Tukima's Dance           Hex            0%         N/A       71%         3
 Vampiric Draining        Necr           0%         2d6       71%         3
 Airstrike                Air            0%         N/A       98%         4
 Ice Form                 Ice/Tmut       0%         N/A       98%         4
 Summon Ice Beast         Ice/Summ       0%         N/A       98%         4
 Invisibility             Hex            0%         N/A       100%        6


Dungeon Overview and Level Annotations

Branches:
Dungeon (11/15)            Temple (0/1) D:5            Lair (0/6) D:10
    Orc (0/2) D:9          Bailey (visited)         Gauntlet (visited)

Altars:
Ru
Vehumet

Annotations:
D:4 exclusion: statue
D:10 exclusions: 4 ice devils and ice statue
D:11 Sonja


Innate Abilities, Weirdness & Mutations

You are too large for most types of armour.
You have claws for hands.
Your natural rate of healing is unusually fast.
You are covered in fur. (AC +1)
You have tough skin. (AC +1)


Message History

The black mamba closely misses you.
The ynoxinul gestures.
As you read the scroll of teleportation, it crumbles to dust.
You feel strangely unstable.
You feel the power of the Abyss delaying your translocation!
The black mamba bites you!
* * * LOW HITPOINT WARNING * * *
The black mamba bites you but does no damage.
You block the ufetubus's attack. The ufetubus barely misses you.
The ynoxinul gestures.
Casting: Blink (safe; 3% risk of failure)
Confirm with . or Enter, or press ? or * to list all spells.
You blink.
You block the ufetubus's attack. The ufetubus closely misses you.
You feel stable enough to blink again.
Unknown command.
You miss the ufetubus. You block the ufetubus's attack.
The ufetubus closely misses you.
You miss the ufetubus. The ufetubus closely misses you. x2
You miss the ufetubus. You claw the black mamba!
The black mamba is moderately wounded.
You barely miss the black mamba.
The black mamba is moderately wounded.
The black mamba bites you!
* * * LOW HITPOINT WARNING * * *
You miss the black mamba.
The black mamba is moderately wounded.
The black mamba bites you.
* * * LOW HITPOINT WARNING * * *
The black mamba bites you but does no damage.
Casting: Blink (safe; 3% risk of failure)
Confirm with . or Enter, or press ? or * to list all spells.
You blink.
A white draconian stormcaller comes into view.
It is wielding a +0 long sword.
Found 3 datura-tipped darts and a potion of cancellation.
The white draconian stormcaller roars!
The white draconian stormcaller breathes frost at you.
The blast of cold hits you!!
You die...

#.###3 ###...
.. .#.#. ##.
#...... . ##
# .# ...
.#####.##....
.#S§#5..
#...#.####
##.#####
#@..# #.....#
...........
...#...q.#...
....###...##
.. #!.. ##.##
. ... .. ..
..


You could see a white draconian stormcaller (catching breath) and a black mamba.

Vanquished Creatures
  A great orb of eyes (Gauntlet)
  2 boulder beetles (D:11)
  A centaur warrior (D:10)
  2 two-headed ogres
  A large abomination (Abyss:2)
  Pikel (D:4)
  A cyclops (D:7)
  5 ugly things
  3 starcursed masses (Abyss:1)
  2 manticores
  An unseen horror (D:10)
  Joseph (D:7)
  Grinder (D:6)
  3 trolls
  2 raiju (Abyss:2)
  9 yaks
  3 shadows (Gauntlet)
  A steam dragon (D:9)
  4 vampire mosquitoes (D:10)
  An acid dragon (D:9)
  4 water moccasins
  4 ice beasts
  A necrophage (D:4)
  2 orc warriors (D:9)
  5 ogres
  A black bear (D:4)
  5 centaurs
  A kobold brigand (D:10)
  2 bullfrogs
  8 gnoll sergeants (Bailey)
  7 scorpions
  6 killer bees (D:9)
  A howler monkey (D:6)
  2 bullfrog zombies (D:6)
  5 centaur zombies
  8 orc priests
  6 gnoll shamans (Bailey)
  5 hounds
  2 jellies
  8 orc wizards
  An iguana (D:5)
  A hound skeleton (D:4)
  A howler monkey zombie (D:5)
  14 gnolls (Bailey)
  8 adders
  2 shadow imps
  A white imp (D:6)
  2 ufetubi
  An adder zombie (D:5)
  A worm (D:2)
  4 dart slugs
  25 orcs
  8 endoplasms
  A giant cockroach (D:4)
  13 goblins
  7 hobgoblins
  10 jackals
  5 quokkas
  4 ball pythons
  5 bats
  A frilled lizard (D:3)
  4 kobolds
  3 rats (D:1)
250 creatures vanquished.

Vanquished Creatures (collateral kills)
  A minotaur (Gauntlet)
  A chaos spawn (Abyss:1)
  A starcursed mass (Abyss:1)
3 creatures vanquished.

Vanquished Creatures (others)
  2 demonic plants (Gauntlet)
2 creatures vanquished.

Grand Total: 255 creatures vanquished

Notes
Turn   | Place    | Note
-------+----------+-------------------------------------------
     0 | D:1      | frimble the Troll Warper began the quest for the Orb.
     0 | D:1      | Reached XP level 1. HP: 19/19 MP: 1/1
    29 | D:1      | Reached skill level 1 in Throwing
   101 | D:1      | Reached XP level 2. HP: 25/28 MP: 2/2
   486 | D:2      | Reached XP level 3. HP: 35/35 MP: 3/3
   489 | D:2      | Learned a level 2 spell: Blink
   492 | D:2      | Found a sacrificial altar of Ru.
   606 | D:2      | Found a faded altar of an unknown god.
   922 | D:3      | Reached XP level 4. HP: 32/42 MP: 4/4
  1258 | D:3      | Cast into level 1 of the Abyss (orc)
  1259 | Abyss:1  | Found a corrupted altar of Lugonu.
  1270 | Abyss:1  | Noticed a neqoxec
  1297 | D:3      | Escaped the Abyss
  1351 | D:4      | Found a radiant altar of Vehumet.
  1351 | D:4      | Noticed a frost-covered statue
  1355 | D:4      | Noticed a centaur
  1363 | D:4      | Noticed an ogre
  1368 | D:4      | Killed a centaur
  1369 | D:4      | Reached XP level 5. HP: 33/50 MP: 5/5
  1395 | D:3      | HP: 2/50 [ogre (15)]
  1488 | D:3      | Killed an ogre
  1489 | D:3      | Reached XP level 6. HP: 53/59 MP: 6/6
  1671 | D:4      | Noticed a water moccasin
  1687 | D:4      | Killed a water moccasin
  1688 | D:4      | Reached XP level 7. HP: 40/67 MP: 7/7
  2249 | D:5      | Entered Level 5 of the Dungeon
  2270 | D:5      | Noticed Pikel
  2317 | D:4      | Killed Pikel
  2318 | D:4      | Reached skill level 5 in Unarmed Combat
  2318 | D:4      | Reached XP level 8. HP: 52/79 MP: 8/8
  2501 | D:5      | Found a staircase to the Ecumenical Temple.
  2626 | D:5      | Reached skill level 5 in Throwing
  2699 | D:5      | Reached skill level 1 in Shields
  3216 | D:6      | Reached XP level 9. HP: 87/87 MP: 9/9
  3656 | D:6      | Noticed Grinder
  3656 | D:6      | Paralysed by Grinder for 6 turns
  3672 | D:6      | Killed Grinder
  3673 | D:6      | Reached skill level 5 in Shields
  4061 | D:7      | Found a flagged portal.
  4066 | Bailey   | Entered a bailey
  4512 | Bailey   | Identified the +6 morningstar "Rifein" {venom, Fragile
                  | rPois rN+++ Int-2}
  4816 | D:8      | Reached XP level 10. HP: 68/94 MP: 10/10
  4947 | D:8      | Noticed a two-headed ogre
  4986 | D:8      | Killed a two-headed ogre
  4987 | D:8      | Reached skill level 5 in Fighting
  4995 | D:8      | HP: 4/96 [yak (6)]
  5133 | D:8      | Reached skill level 1 in Evocations
  5685 | D:8      | Reached skill level 5 in Translocations
  6015 | D:7      | Noticed Joseph
  6031 | D:7      | Killed Joseph
  6096 | D:7      | Noticed a red ugly thing
  6107 | D:7      | Noticed a cyclops
  6111 | D:7      | Killed a red ugly thing
  6200 | D:7      | Killed a cyclops
  6708 | D:9      | HP: 3/98 [poisoned by a killer bee]
  6909 | D:9      | Found a staircase to the Orcish Mines.
  6957 | D:9      | Reached XP level 11. HP: 56/105 MP: 11/11
  7489 | D:10     | Entered Level 10 of the Dungeon
  7544 | D:10     | Found a staircase to the Lair.
  8282 | D:10     | Noticed a centaur warrior
  8282 | D:10     | Noticed a green ugly thing
  8298 | D:10     | Killed a green ugly thing
  8418 | D:10     | Killed a centaur warrior
  8510 | D:10     | Noticed a deep elf pyromancer
  8534 | D:11     | Found a gate leading to a gauntlet.
  8539 | Gauntlet | Entered a Gauntlet
  8539 | Gauntlet | Noticed a red ugly thing
  8539 | Gauntlet | Noticed a great orb of eyes
  8539 | Gauntlet | Found a transporter.
  8539 | Gauntlet | Found a transporter.
  8539 | Gauntlet | Found a transporter.
  8542 | Gauntlet | Noticed a purple ugly thing
  8607 | Gauntlet | Found a transporter.
  8617 | Gauntlet | Found a transporter.
  8622 | Gauntlet | Found a transporter.
  8630 | Gauntlet | Found a transporter.
  8638 | Gauntlet | Found a transporter.
  8655 | Gauntlet | Found a transporter.
  8663 | Gauntlet | Found a transporter.
  8681 | Gauntlet | Found a transporter.
  8766 | Gauntlet | Found a transporter.
  8837 | Gauntlet | Killed a great orb of eyes
  8846 | Gauntlet | Killed a brown ugly thing
  8850 | Gauntlet | Killed a brown ugly thing
  8977 | Gauntlet | Identified the ring "Kudeg" {rF+ rC+ rN+ Slay-5}
  9026 | Gauntlet | Noticed a minotaur
  9040 | Gauntlet | Killed a minotaur
  9090 | Gauntlet | Identified the +2 pair of gloves of the Lute {-Cast +Inv
                  | rN+ Dex+4}
  9109 | D:11     | Noticed a boulder beetle
  9128 | D:11     | Killed a boulder beetle
  9180 | D:11     | Noticed a green ugly thing
  9192 | D:11     | Killed a green ugly thing
  9229 | D:11     | Noticed a boulder beetle
  9254 | D:11     | Killed a boulder beetle
  9255 | D:11     | Reached XP level 12. HP: 106/118 MP: 10/12
  9342 | D:11     | Found a sacrificial altar of Ru.
  9343 | D:11     | Noticed a two-headed ogre
  9353 | D:11     | Killed a two-headed ogre
  9519 | D:11     | Noticed Sonja
  9527 | D:11     | Cast into level 1 of the Abyss (Sonja)
  9570 | Abyss:1  | Noticed a starcursed mass
  9572 | Abyss:1  | Found an iron altar of Okawaru.
  9587 | Abyss:1  | Killed a starcursed mass
  9625 | Abyss:1  | Found an iron altar of Okawaru.
  9685 | Abyss:2  | HP: 1/118 [ynoxinul/iron shot (31)]
  9702 | Abyss:2  | Noticed a white draconian stormcaller
  9702 | Abyss:2  | Killed from afar by a white draconian stormcaller

Illustrated notes

Levels and vault maps discovered:
D:1:      evilmike_arrival_fibonacci_small, layout_basic, hex_intersection,
          minmay_misc_feat_doors
D:2:      layout_basic, basic_altar, ebering_ecumenical_altar_hall
D:3:      layout_rooms
D:4:      layout_basic, vehumet_statue
D:5:      layout_basic, minmay_temple_entry_crystal_x, uniq_pikel
D:6:      layout_cave_pods, serial_bayou_pond_c, uniq_grinder
D:7:      minmay_cornered_nines, layout_cave_pools, enter_bailey_5, uniq_joseph
D:8:      layout_gridville
D:9:      layout_irregular_city, david_orc_3
D:10:     cheibrodos_frozen_isle, layout_gridville, lair_entry_dummy,
          grunt_tough_drop
D:11:     layout_loops_ring, gauntlet_entry_generic, nicolae_sextant,
          nicolae_ru_sacrificial_ziggurat, uniq_sonja
Abyss:2:  base:
D:2

Skill      XL: |  1  2  3  4  5  6  7  8  9 10 11 |
---------------+----------------------------------+-----
Throwing       | 1 2 3 4 5 6 7 |  7.8
Fighting       | 2 3 4 5 7 |  7.3
Unarmed Combat | 3 4 5 7 8 |  8.8
Translocations | 3 4 5 6 |  6.9
Shields        | 2 7 8 |  8.0
Evocations     | 2 4 |  4.8
Dodging        | |  1.9
Spellcasting   | |  1.2

Action                   |  1- 3 |  4- 6 |  7- 9 | 10-12 || total
-------------------------+-------+-------+-------+-------++-------
Melee: Unarmed           |   107 |   107 |   277 |   521 ||  1012
       Punch             |     1 |     1 |     5 |       ||     7
Throw: Boomerang         |       |     2 |    88 |    53 ||   143
       Throwing net      |       |       |       |     9 ||     9
 Cast: Blink             |       |     1 |       |     9 ||    10
Evoke: Wand              |       |       |     1 |    18 ||    19
       Phantom mirror    |       |       |       |     1 ||     1
  Use: Scroll            |     1 |       |    12 |    14 ||    27
       Potion            |       |       |       |     7 ||     7
 Stab: Held in net/web   |       |       |       |     3 ||     3
       Paralysed         |       |       |       |    15 ||    15
Armor: Robe              |    45 |    44 |   120 |   141 ||   350
       Skin              |       |       |       |    27 ||    27
Dodge: Dodged            |    56 |    52 |   137 |   163 ||   408
Block: Other             |       |       |    38 |       ||    38
       Kite shield       |       |       |   105 |   367 ||   472
       Reflection        |       |       |     3 |     3 ||     6

Table legend: (Time is in decaauts)
 A = Elapsed time spent in this place.
 B = Non-inter-level travel time spent in this place.
 C = Inter-level travel time spent in this place.
 D = Time resting spent in this place.
 E = Time spent auto-exploring this place.
 F = Levels seen in this place.
 G = Mean time per level.
                   A        B        C        D        E       F      G
               +--------+--------+--------+--------+--------+-----+--------+
         Total |   9629 |   9380 |    249 |    221 |   6414 |  16 |  601.8 |
       Dungeon |   8135 |   7886 |    249 |    176 |   5724 |  11 |  739.5 |
         Abyss |    205 |    205 |      0 |      0 |      0 |   3 |   68.3 |
        Bailey |    738 |    738 |      0 |      0 |    382 |   1 |  738.0 |
      Gauntlet |    549 |    549 |      0 |     45 |    308 |   1 |  549.0 |
               +--------+--------+--------+--------+--------+-----+--------+

Top non-repeatable levels by time:
    D:10: 1031 daAuts
     D:8: 1027 daAuts
     D:9: 924 daAuts
     D:6: 902 daAuts
     D:5: 889 daAuts
     D:4: 860 daAuts
  Bailey: 738 daAuts
     D:7: 686 daAuts
Gauntlet: 549 daAuts
     D:3: 515 daAuts
     D:1: 471 daAuts
    D:11: 430 daAuts
     D:2: 395 daAuts
 Abyss:1: 142 daAuts
 Abyss:2: 63 daAuts
